 Dungeon Crawl Stone Soup version 0.31-a0-232-gb1c03b2570 (webtiles) character file.

Game seed: 3304073446885804874

38 qw the Shooter (level 3, -1/21 HPs)
             Began as a Gargoyle Hexslinger on July 7, 2023.
             Slain by a gnoll
             ... wielding a +0 halberd
              (12 damage)
             ... on level 3 of the Dungeon.
             The game lasted 00:00:24 (1600 turns).

qw the Shooter (Gargoyle Hexslinger)                Turns: 1600, Time: 00:00:25

Health: -1/21      AC:  6    Str: 17    XL:     3   Next: 43%
Magic:  4/4        EV:  6    Int: 13    God:
Gold:   100        SH:  0    Dex: 14    Spells: 3/4 levels left

rFire   . . .        Y - +1 sling
rCold   . . .        (no shield)
rNeg    + . .        c - +0 robe
rPois   inf          (no helmet)
rElec   +            (no cloak)
rCorr   .            (no gloves)
SInv    .            d - +0 pair of boots
Will    +....        (no amulet)
Stlth   +            a - ring "Qemogh" {Will+ Str+6}
HPRegen 0.23/turn    (no ring)
MPRegen 0.09/turn

%: no passive effects
@: held
A: sickness immunity, AC +3, negative energy resistance 1, electricity
resistance, torment resistance 1, petrification resistance
a: no special abilities


You were on level 3 of the Dungeon.
You visited 1 branch of the dungeon, and saw 3 of its levels.

You collected 100 gold pieces.


Innate Abilities, Weirdness & Mutations

You are immune to sickness and miasma.
Your stone body is resilient. (AC +3)
You are immune to poison.
You resist negative energy. (rN+)
You are resistant to electric shocks. (rElec)
You are resistant to unholy torment.
You are immune to petrification.


   Skills:
 - Level 2.0 Fighting
 + Level 3.3 Ranged Weapons
 - Level 1.5 Dodging
 - Level 1.0 Spellcasting
 - Level 2.6 Hexes


You had 3 spell levels left.
You knew the following spells:

 Your Spells              Type           Power      Damage    Failure   Level
a - Slow                  Hex            28%        N/A       10%         1

Your spell library contained the following spells:

 Spells                   Type           Power      Damage    Failure   Level
 Inner Flame              Hex/Fire       4%         N/A       43%         3
 Portal Projectile        Hex/Tloc       8%         N/A       43%         3
 Cause Fear               Hex            3%         N/A       67%         4

Inventory:

Hand Weapons
 Y - a +1 sling (weapon)
Armour
 c - a +0 robe (worn)
 d - a +0 pair of boots (worn)
Jewellery
 a - the ring "Qemogh" (left hand) {Will+ Str+6}
   (You acquired it on level 1 of the Dungeon)

   [ring of strength]

   Str:       It affects your strength (+6).
   Will:      It increases your willpower.
Scrolls
 b - a scroll of teleportation {unknown}
Potions
 i - a potion of enlightenment {unknown}
 j - a potion of berserk rage {unknown}

Dungeon Overview and Level Annotations

Branches:
Dungeon (3/15)

Altars:

Shops:
D:1 *


Message History

You shoot a sling bullet. The sling bullet hits the adder.
You kill the adder!
You shoot a sling bullet.
The sling bullet barely misses the gnoll.
A gnoll comes into view. It is wielding a +0 spear.
The gnoll moves out of view.
You shoot a sling bullet.
The sling bullet barely misses the gnoll.
A gnoll comes into view. It is wielding a +0 halberd.
You shoot a sling bullet.
The sling bullet closely misses the gnoll.
The gnoll shouts! x2
The gnoll hits you but does no damage.
You shoot a sling bullet.
The sling bullet hits the gnoll but does no damage.
The gnoll closely misses you.
You shoot a sling bullet.
The sling bullet barely misses the gnoll.
The gnoll closely misses you. The gnoll hits you but does no damage.
You shoot a sling bullet.
The sling bullet completely misses the gnoll.
The sling bullet hits the gnoll but does no damage.
You shoot a sling bullet.
The sling bullet hits the gnoll but does no damage.
The gnoll barely misses you. The gnoll closely misses you.
The gnoll hits you from afar with a +0 spear.
You shoot a sling bullet. The sling bullet hits the gnoll.
The gnoll is lightly wounded.
The gnoll hits you from afar with a +0 spear.
The gnoll misses you.
The gnoll throws a throwing net.
The throwing net completely misses you.
You shoot a sling bullet.
The sling bullet hits the gnoll but does no damage.
The gnoll is lightly wounded.
The gnoll barely misses you. The gnoll hits you with a +0 flail.
The gnoll throws a throwing net.
The throwing net hits you.
You become entangled in the net!
The gnoll hits you from afar with a +0 halberd!
Ouch! That really hurt!
You die...

... .## .$ ### .....
..# .# #.#. #.# ..#
#.. #.# #..#
###.###.###..#
#.##............#
#.(...!@.g...#..####
#......g.g..........
..........<.....######
#.##....##.#.........#
# #.#####.#.#.#####.
#. #>#.#.# # ..#.#.#
###.#%# ..#.#


You could see 3 gnolls.

Vanquished Creatures
  An adder (D:3)
  4 bats
  4 endoplasms
  A giant cockroach (D:3)
  4 goblins (D:1)
  2 hobgoblins (D:1)
  3 kobolds (D:1)
  A quokka (D:1)
  2 ball pythons (D:2)
  3 frilled lizards
  A rat (D:1)
26 creatures vanquished.

Notes
Turn   | Place    | Note
-------+----------+-------------------------------------------
     0 | D:1      | qw the Gargoyle Hexslinger began the quest for the Orb.
     0 | D:1      | Reached XP level 1. HP: 12/12 MP: 2/2
     0 | D:1      | 0 ||| qw: Version: 0.3-a-46-gb1f654a
     0 | D:1      | 0 ||| qw: Game counter: 2322
     0 | D:1      | 0 ||| qw: Melee chars always use a shield: true
     0 | D:1      | 0 ||| qw: God list: Okawaru
     0 | D:1      | 0 ||| qw: Allow faded altars: false
     0 | D:1      | 0 ||| qw: Do Orc after clearing Dungeon:15 true
     0 | D:1      | 0 ||| qw: Do second Lair branch before Depths: true
     0 | D:1      | 0 ||| qw: Lair rune preference: random
     0 | D:1      | 0 ||| qw: Goals: Normal
     0 | D:1      | 0 ||| PLANNING D:1-11
   304 | D:1      | Found Xoecw's General Store.
   309 | D:1      | 309 ||| SHOPLISTING +2 helmet (181 gold, have 23).
   316 | D:1      | Reached XP level 2. HP: 16/16 MP: 3/3
   454 | D:1      | Reached skill level 3 in Ranged Weapons
   872 | D:1      | 872 ||| UPGRADING to +0 pair of boots.
   877 | D:1      | 877 ||| READING scroll labelled CYZXUCR ODWASU.
   878 | D:1      | 878 ||| READING scroll labelled VAIHIE YBBUORPH.
   878 | D:1      | Identified a scroll of acquirement
   878 | D:1      | 878 ||| ACQUIRING ring "Qemogh" {Will+ Str+6}
   878 | D:1      | Acquired the ring "Qemogh" {Will+ Str+6}
   880 | D:1      | 880 ||| UPGRADING to ring "Qemogh" {Will+ Str+6}.
   881 | D:1      | 881 ||| READING scroll labelled XYVVUO HOUXKA.
   982 | D:1      | 982 ||| READING scroll labelled JEH YNUYSANAL.
   983 | D:1      | 983 ||| DRINKING 2 clear potions.
   984 | D:1      | 984 ||| DROPPING scroll of poison.
   985 | D:1      | 985 ||| DROPPING potion of invisibility.
  1287 | D:2      | Reached XP level 3. HP: 21/21 MP: 4/4
  1600 | D:3      | Slain by a gnoll

Levels and vault maps discovered:
D:1:      dpeg_arrival_snail, layout_basic, serial_shops,
          nicolae_shop_rolling_square
D:2:      layout_basic
D:3:      layout_loops_ring

Skill      XL: |  1  2  3 |
---------------+----------+-----
Ranged Weapons | 3 |  3.3
Fighting       | 2 |  2.0
Dodging        | |  1.5
Spellcasting   | |  1.0
Hexes          | |  2.6

Action                     || total
---------------------------++-------
   Fire: Sling             ||    84
    Use: Scroll            ||     4
         Potion            ||     1
 Armour: Robe              ||    13
  Dodge: Dodged            ||    34

Table legend:
 A = Non-vault XP
 B = Vault XP
 C = Vault XP percentage of total XP
 D = Non-vault monster count
 E = Vault monster count
 F = Vault count percentage of total count
                 A         B        C        D         E       F
            +---------+---------+-------+---------+---------+-------
      Total |      55 |       0 |   0.0 |      26 |       0 |   0.0
            +---------+---------+-------+---------+---------+-------
        D:1 |      29 |       0 |   0.0 |      17 |       0 |   0.0
        D:2 |      11 |       0 |   0.0 |       7 |       0 |   0.0
        D:3 |      15 |       0 |   0.0 |       2 |       0 |   0.0
            +---------+---------+-------+---------+---------+-------
